 Dungeon Sprint DCSS version 0.17-a0-1570-g74b7129 (webtiles) character file.

21415 tt080 the Fencer (level 12, -1/131 (133) HPs)
             Began as a Minotaur Berserker on July 23, 2015.
             Was an Elder of Trog.
             Succumbed to poison (dark miasma)
             ... in the Dungeon (Sprint I: "Red Sonja").
             The game lasted 00:22:04 (4637 turns).

tt080 the Fencer (Minotaur Berserker)               Turns: 4637, Time: 00:22:04

HP:   -1/131 (133)  AC: 27    Str: 22      XL:     12   Next: 54%
MP:   20/20         EV: 17    Int:  4      God:    Trog [****..]
Gold: 1184          SH:  0    Dex: 15 (18) Spells: 0 memorised, 11 levels left

rFire  . . .     SeeInvis +     z - +2 triple sword (holy)
rCold  + . .     Clarity  .     v - +6 chain mail "Mayrgh" {rC+ Regen+ MP+9}
rNeg   . . .     SustAt   .     (no shield)
rPois  .         Gourm    .     (helmet restricted)
rElec  .         Spirit   .     o - +1 cloak
rCorr  .         Warding  .     n - +2 pair of gloves {Dex+3}
rMut   .         NoTele   +     p - +0 pair of boots
MR     .....                    (no amulet)
Stlth  ..........               (no ring)
                                u - ring of see invisible

@: lethally poisoned (-1 -> -55), very slightly contaminated, non-regenerating,
diseased, slowed, glowing, very slow, not resistant to hostile enchantments,
extremely unstealthy
A: retaliatory headbutt, horns 2
a: Burn Spellbooks, Berserk, Trog's Hand, Brothers in Arms, Renounce Religion
0: Orb of Zot


You were in the Dungeon.
You worshipped Trog.
Trog was greatly pleased with you.
You were not hungry.

You visited 1 branch You collected 2417 gold pieces.
You spent 1233 gold pieces at shops.

Inventory:

Hand weapons
 a - a +0 falchion
 x - a +2 triple crossbow of evasion
 y - a +3 antimagic long sword
 z - a +2 triple sword of holy wrath (weapon)
 B - a +8 antimagic demon blade
Armour
 b - a +0 animal skin
 l - a +1 robe of resistance
 n - a +2 pair of gloves of dexterity (worn)
 o - a +1 cloak (worn)
 p - a +0 pair of boots (worn)
 v - the +6 chain mail "Mayrgh" (worn) {rC+ Regen+ MP+9}
   (You bought it in a shop in the Dungeon)

   It protects you from cold.
   It affects your magic capacity (+9).
   It increases your rate of regeneration.
Jewellery
 u - a ring of see invisible (left hand)
Scrolls
 w - a scroll of random uselessness
Potions
 g - 2 potions of magic
 h - a potion of berserk rage
Miscellaneous
 s - a phial of floods
Comestibles
 m - 5 fruits
 t - 3 meat rations


   Skills:
 + Level 20.1 Fighting
 + Level 20.6 Long Blades
 + Level 14.6 Armour
 + Level 16.6 Dodging
 - Level 4.0 Stealth


You had 11 spell levels left.
You didn't know any spells.

Dungeon Overview and Level Annotations

Branches:
Dungeon (1/1)

Altars:
Cheibriados
Dithmenos
Elyvilon
Fedhas
Gozag
Kikubaaqudgha
Makhleb
Nemelex Xobeh
Okawaru
Qazlal
Ru
Sif Muna
Trog
Vehumet
Xom
Yredelemnul
Zin
The Shining One
Jiyva

Shops:
D (!([%(=*(=?}%*[[(

Annotations:
D exclusions: 4 doors and oklob plant, Lom Lobon, Norris, Tiamat


Innate Abilities, Weirdness & Mutations

You reflexively headbutt those who attack you in melee.
You have a pair of horns on your head.


Message History

Identify which item? (\ to view known items) (? for menu, Esc to quit)
w - 2 scrolls of random uselessness
* * * LOW HITPOINT WARNING * * *
You feel very sick.
Read which item? (? for menu, Esc to quit)
As you read the scroll of random uselessness, it crumbles to dust.
You experience a momentary feeling of inescapable doom!
* * * LOW HITPOINT WARNING * * *
You feel sick.
A daeva comes into view.
It is wielding a long sword of holy wrath.
* * * LOW HITPOINT WARNING * * *
You feel sick.
The daeva shouts!
* * * LOW HITPOINT WARNING * * *
You feel sick.
You are engulfed in dark miasma.
You are more poisoned.
You feel your flesh rotting away!
You feel yourself slow down.
* * * LOW HITPOINT WARNING * * *
You die...

....#§#####...###....#.#≈≈≈#
...#§.#).)#####...####^#≈≈≈≈#
..≈####(.....)..###^...#≈≈≈≈≈#
.≈≈##.((....#####....####≈≈≈≈#
≈≈###[(....##.§§§§§..# #+≈≈≈+
### #.....##§..§§§§..# #≈≈#
+####..$.&#§..§§§§§..# ###
#∩∩############§§§§..#
∩∩###≈≈≈§§≈≈≈.#§@A§§§# ###
###########§§§§..+
#..§§.'§§§§§.§§§§#
##################


You could see a daeva.

Vanquished Creatures
  A Hell Sentinel (D)
  4 fire giants (D)
  A lorocyproca (D)
  A deep elf annihilator (D)
  2 centaur warriors (D)
  Sonja (D)
  A deep troll (D)
  7 unseen horrors (D)
  A lindwurm (D)
  An oklob plant (D)
  A siren (D)
  A gargoyle (D)
  2 kobold demonologists (D)
  A demonic crawler (D)
  A hellwing (D)
  A slime creature (D)
  4 trapdoor spiders (D)
  A yak (D)
  Sigmund (D)
  13 hogs (D)
  2 wasps (D)
  7 necrophages (D)
  An ogre (D)
  Ijyb (D)
  8 jellies (D)
  2 giant eyeballs (D)
  4 ballistomycetes (D)
71 creatures vanquished.

Vanquished Creatures (collateral kills)
  A siren (D)
  3 demonic crawlers (D)
  3 wasps (D)
  A giant eyeball (D)
8 creatures vanquished.

Vanquished Creatures (others)
  3 ball lightnings (D)
  A gargoyle (D)
  2 giant spores (D)
6 creatures vanquished.

Grand Total: 85 creatures vanquished

Notes
Turn   | Place    | Note
--------------------------------------------------------------
     0 | D        | tt080 the Minotaur Berserker began the quest for the Orb.
     0 | D        | Reached XP level 1. HP: 19/19 MP: 0/0
     1 | D        | Noticed Ijyb
     9 | D        | Killed Ijyb
     9 | D        | Reached skill level 5 in Fighting
     9 | D        | Reached skill level 5 in Long Blades
     9 | D        | Reached XP level 2. HP: 25/30 MP: 1/1
   127 | D        | Noticed an ogre
   129 | D        | Killed an ogre
   129 | D        | Reached skill level 7 in Fighting
   129 | D        | Reached XP level 3. HP: 40/40 MP: 2/2
   129 | D        | Reached XP level 4. HP: 48/48 MP: 3/3
   171 | D        | Noticed Sigmund
   178 | D        | Killed Sigmund
   178 | D        | Acquired Trog's second power
   178 | D        | Reached skill level 10 in Fighting
   178 | D        | Reached skill level 5 in Armour
   178 | D        | Reached skill level 5 in Dodging
   178 | D        | Reached XP level 5. HP: 58/58 MP: 4/4
   245 | D        | Found a deep blue altar of Sif Muna.
   246 | D        | Noticed a jelly
   247 | D        | Found a radiant altar of Vehumet.
   252 | D        | Killed a jelly
   252 | D        | Reached skill level 10 in Long Blades
   252 | D        | Reached XP level 6. HP: 54/67 MP: 5/5
   258 | D        | Found a viscous altar of Jiyva.
   258 | D        | Found a blossoming altar of Fedhas.
   258 | D        | Noticed a slime creature
   259 | D        | Found a snail-covered altar of Cheibriados.
   259 | D        | Found a shadowy altar of Dithmenos.
   263 | D        | Killed a slime creature
   263 | D        | Reached skill level 11 in Fighting
   313 | D        | Found Ylulepna's Distillery.
   313 | D        | Found a white marble altar of Elyvilon.
   313 | D        | Found a stormy altar of Qazlal.
   313 | D        | Found a burning altar of Makhleb.
   313 | D        | Found a sacrificial altar of Ru.
   313 | D        | Found a basalt altar of Yredelemnul.
   313 | D        | Found a glowing golden altar of the Shining One.
   313 | D        | Found a sparkling altar of Nemelex Xobeh.
   313 | D        | Found a shimmering altar of Xom.
   313 | D        | Found an opulent altar of Gozag.
   313 | D        | Found an ancient bone altar of Kikubaaqudgha.
   313 | D        | Found a glowing silver altar of Zin.
   313 | D        | Noticed a yak
   314 | D        | Found an iron altar of Okawaru.
   323 | D        | Killed a yak
   323 | D        | Reached skill level 12 in Fighting
   323 | D        | Reached XP level 7. HP: 41/77 MP: 6/6
   324 | D        | Found a bloodstained altar of Trog.
   516 | D        | Noticed a centaur warrior
   518 | D        | Noticed a centaur warrior
   526 | D        | Killed a centaur warrior
   526 | D        | Reached skill level 13 in Fighting
   526 | D        | Reached skill level 1 in Stealth
   526 | D        | Reached XP level 8. HP: 26/86 MP: 7/7
   530 | D        | Killed a centaur warrior
   530 | D        | Reached skill level 14 in Fighting
   779 | D        | Noticed a deep troll
   788 | D        | Killed a deep troll
   788 | D        | Acquired Trog's third power
   788 | D        | Reached skill level 15 in Long Blades
   788 | D        | Reached XP level 9. HP: 67/96 MP: 8/8
   946 | D        | Found Kungailu's Armour Emporium.
   950 | D        | Bought a +2 pair of gloves of dexterity for 279 gold pieces
   955 | D        | Bought a +1 cloak for 149 gold pieces
   955 | D        | Bought a cursed +0 pair of boots for 19 gold pieces
   972 | D        | Noticed Sonja
   980 | D        | Killed Sonja
   980 | D        | Reached skill level 15 in Fighting
  1051 | D        | Killed a gargoyle
  1372 | D        | Found Ocvezxuf's Weapon Boutique.
  1471 | D        | Noticed a kobold demonologist
  1472 | D        | Noticed a kobold demonologist
  1472 | D        | Paralysed by a giant eyeball for 4 turns
  1481 | D        | Noticed an orange demon
  1481 | D        | Noticed a hellwing
  1481 | D        | Killed a kobold demonologist
  1481 | D        | Reached skill level 16 in Long Blades
  1481 | D        | Reached skill level 10 in Dodging
  1491 | D        | Killed a kobold demonologist
  1550 | D        | Noticed a wasp
  1555 | D        | Killed a wasp
  1565 | D        | Noticed an oklob plant
  1580 | D        | Killed an oklob plant
  1580 | D        | Reached XP level 10. HP: 56/107 MP: 9/9
  1771 | D        | Noticed a trapdoor spider
  1777 | D        | Killed a trapdoor spider
  1780 | D        | Noticed a trapdoor spider
  1781 | D        | Killed a trapdoor spider
  1784 | D        | Noticed a trapdoor spider
  1787 | D        | Killed a trapdoor spider
  1787 | D        | Reached skill level 17 in Long Blades
  1790 | D        | Noticed a trapdoor spider
  1791 | D        | Killed a trapdoor spider
  1846 | D        | Killed an unseen horror
  1846 | D        | Received a gift from Trog
  1861 | D        | Killed an unseen horror
  2197 | D        | Noticed a jelly
  2197 | D        | Noticed a jelly
  2197 | D        | Noticed a jelly
  2199 | D        | Noticed a jelly
  2199 | D        | Noticed a jelly
  2199 | D        | Noticed a jelly
  2199 | D        | Noticed a jelly
  2206 | D        | Killed a jelly
  2208 | D        | Killed a jelly
  2209 | D        | Killed a jelly
  2214 | D        | Killed a jelly
  2218 | D        | Killed a jelly
  2218 | D        | Received a gift from Trog
  2271 | D        | Noticed a necrophage
  2280 | D        | Killed a jelly
  2283 | D        | Killed a jelly
  2288 | D        | Killed a necrophage
  2419 | D        | Noticed a necrophage
  2419 | D        | Noticed a necrophage
  2420 | D        | Noticed a necrophage
  2420 | D        | Noticed a necrophage
  2421 | D        | Noticed a necrophage
  2421 | D        | Noticed a necrophage
  2435 | D        | Killed a necrophage
  2441 | D        | Killed a necrophage
  2449 | D        | Killed a necrophage
  2456 | D        | Killed a necrophage
  2461 | D        | Killed a necrophage
  2467 | D        | Killed a necrophage
  2485 | D        | Found Meshre's Antique Armour Shoppe.
  2485 | D        | Found Umnaanlo's Weapon Shop.
  2485 | D        | Found Foch's Food Boutique.
  2494 | D        | Found Peal's Weapon Emporium.
  2494 | D        | Found Zirra's Jewellery Shop.
  2494 | D        | Found Qaithroy's Assorted Antiques.
  2494 | D        | Found Tuidinlusyi's Antique Weapon Boutique.
  2494 | D        | Found Naskuphuth's Jewellery Emporium.
  2494 | D        | Found Ahasa's Magic Scroll Shop.
  2494 | D        | Found Arudap's Gadget Shoppe.
  2496 | D        | Found Filiunosil's Food Boutique.
  2498 | D        | Bought a meat ration for 60 gold pieces
  2498 | D        | Bought a meat ration for 60 gold pieces
  2498 | D        | Bought a bread ration for 60 gold pieces
  2498 | D        | Bought a meat ration for 60 gold pieces
  2499 | D        | Found Cianoshri's Antique Armour Emporium.
  2499 | D        | Found Kaideon's Assorted Antiques.
  2500 | D        | Found Fain's Antique Weapon Emporium.
  2503 | D        | Bought an uncursed ring of see invisible for 210 gold pieces
  2508 | D        | Bought a scroll of blinking for 165 gold pieces
  2521 | D        | Bought a polished chain mail for 171 gold pieces
  2531 | D        | Identified the +6 chain mail "Mayrgh" {rC+ Regen+ MP+9} (You bought it in a shop in the Dungeon)
  2572 | D        | Noticed a demonic crawler
  2572 | D        | Noticed a demonic crawler
  2572 | D        | Noticed a demonic crawler
  2572 | D        | Noticed a demonic crawler
  2582 | D        | Killed a demonic crawler
  2583 | D        | Killed a demonic crawler
  2585 | D        | Killed a demonic crawler
  2588 | D        | Killed a demonic crawler
  2629 | D        | Noticed a gargoyle
  2643 | D        | Killed a gargoyle
  2643 | D        | Reached skill level 18 in Long Blades
  2663 | D        | Noticed Norris
  2676 | D        | Noticed a lorocyproca
  2689 | D        | Killed a lorocyproca
  2689 | D        | Reached XP level 11. HP: 116/116 MP: 0/10
  2877 | D        | Noticed a lindwurm
  2884 | D        | Killed a lindwurm
  2884 | D        | Received a gift from Trog
  2884 | D        | Reached skill level 10 in Armour
  2892 | D        | Noticed a hog
  2892 | D        | Noticed a hog
  2892 | D        | Noticed a hog
  2892 | D        | Noticed a hog
  2892 | D        | Noticed a hog
  2892 | D        | Noticed a hog
  2894 | D        | Noticed a hog
  2895 | D        | Killed a hog
  2899 | D        | Noticed a hog
  2899 | D        | Noticed a hog
  2899 | D        | Noticed a hog
  2899 | D        | Killed a hog
  2907 | D        | Killed a hog
  2909 | D        | Killed a hog
  2913 | D        | Noticed a hog
  2916 | D        | Killed a hog
  2921 | D        | Killed a hog
  2925 | D        | Killed a hog
  2930 | D        | Noticed a hog
  2936 | D        | Killed a hog
  2936 | D        | Received a gift from Trog
  2939 | D        | Noticed a hog
  2946 | D        | Killed a hog
  2953 | D        | Killed a hog
  2961 | D        | Killed a hog
  2967 | D        | Killed a hog
  2971 | D        | Killed a hog
  3048 | D        | Noticed a 12-headed hydra
  3049 | D        | Paralysed by a giant eyeball for 4 turns
  3243 | D        | Noticed a siren
  3243 | D        | Noticed a deep elf annihilator
  3244 | D        | Noticed a hellwing
  3246 | D        | Noticed a siren
  3257 | D        | Killed a siren
  3267 | D        | Killed a hellwing
  3267 | D        | Received a gift from Trog
  3355 | D        | Killed a deep elf annihilator
  3355 | D        | Reached skill level 19 in Long Blades
  3360 | D        | Noticed a wasp
  3360 | D        | Noticed a wasp
  3362 | D        | Noticed a wasp
  3362 | D        | Noticed a wasp
  3365 | D        | Killed a wasp
  3366 | D        | Killed a wasp
  3366 | D        | Paralysed by a wasp for 3 turns
  3367 | D        | Killed a wasp
  3368 | D        | Killed a siren
  3369 | D        | Killed a wasp
  3369 | D        | Received a gift from Trog
  3380 | D        | Noticed a mummy priest
  3388 | D        | Noticed an oklob plant
  3389 | D        | Noticed a soul eater
  3392 | D        | Killed a soul eater
  3823 | D        | Noticed a daeva
  3826 | D        | Noticed an unseen horror
  3826 | D        | Noticed an unseen horror
  3826 | D        | Noticed an unseen horror
  3835 | D        | Killed an unseen horror
  3836 | D        | Killed an unseen horror
  3836 | D        | Reached skill level 15 in Dodging
  3837 | D        | Killed an unseen horror
  3898 | D        | Noticed an unseen horror
  3902 | D        | Noticed an unseen horror
  3905 | D        | Killed an unseen horror
  3909 | D        | Killed an unseen horror
  3960 | D        | Noticed a fire giant
  3976 | D        | Killed a fire giant
  3976 | D        | Received a gift from Trog
  3976 | D        | Reached XP level 12. HP: 91/129 MP: 11/11
  4038 | D        | Noticed a fire giant
  4039 | D        | Noticed a fire giant
  4057 | D        | Killed a fire giant
  4057 | D        | Reached skill level 20 in Long Blades
  4097 | D        | Killed a fire giant
  4119 | D        | Noticed a fire giant
  4131 | D        | Killed a fire giant
  4131 | D        | Received a gift from Trog
  4558 | D        | Noticed Lom Lobon
  4568 | D        | Noticed Tiamat
  4570 | D        | Got the Orb of Zot
  4612 | D        | Noticed a Hell Sentinel
  4616 | D        | Killed a Hell Sentinel
  4635 | D        | Noticed a daeva
  4637 | D        | HP: 3/131 [something (8)]
  4637 | D        | Succumbed to poison (dark miasma)

Vault maps used:
D:        dungeon_sprint_1

Action                   |  1- 3 |  4- 6 |  7- 9 | 10-12 || total
-------------------------+-------+-------+-------+-------++-------
Melee: Falchion          |     8 |    19 |    61 |   203 ||   291
       Triple sword      |       |       |       |    48 ||    48
       Long sword        |       |       |       |    13 ||    13
Invok: Berserk           |     2 |     2 |     4 |     4 ||    12
       Brothers in Arms  |       |       |       |     9 ||     9
       Trog's Hand       |       |       |       |     2 ||     2
Evoke: Phial of floods   |       |       |       |     2 ||     2
  Use: Scroll            |       |       |       |     8 ||     8
       Potion            |       |       |       |     7 ||     7
 Stab: Sleeping          |       |       |     1 |     1 ||     2
  Eat: Chunk             |       |     2 |     2 |     1 ||     5
       Bread ration      |       |       |     1 |     3 ||     4
       Fruit             |       |       |       |     1 ||     1
       Meat ration       |       |       |       |     1 ||     1
